[ AOE2 MATCH · #501923734 ]
UnrankedCelts vs Gurjaras
[ REPLAY ANALYSIS · EXTRACTED FROM THE RECORDED GAME ]
Feudal
10:45
Castle
14:27
Imperial
31:48
| APM avg | 18.0 |
| APM peak | 49 |
| eAPM avg | 12.5 |
| Villagers / military | 136 / 15 |
Focus
⚔️ 16.2% · 🌾 83.8%
Scorpion ×14 · Mangonel ×1
Feudal
11:00
Castle
14:33
Imperial
31:24
| APM avg | 19.7 |
| APM peak | 57 |
| eAPM avg | 13.4 |
| Villagers / military | 162 / 2 |
Focus
⚔️ 9.8% · 🌾 90.2%
Mangonel ×1 · Trebuchet (Packed) ×1
Feudal
10:23
Castle
14:02
Imperial
—
| APM avg | 40.2 |
| APM peak | 78 |
| eAPM avg | 19.3 |
| Villagers / military | 97 / 29 |
Focus
⚔️ 14.9% · 🌾 85.1%
Archer ×27 · Mangonel ×2
Feudal
10:28
Castle
15:20
Imperial
—
| APM avg | 25.4 |
| APM peak | 41 |
| eAPM avg | 13.7 |
| Villagers / military | 44 / 16 |
Focus
⚔️ 27.0% · 🌾 73.0%
Knight ×16
Feudal
10:00
Castle
15:35
Imperial
—
| APM avg | 25.7 |
| APM peak | 70 |
| eAPM avg | 11.5 |
| Villagers / military | 51 / 37 |
Focus
⚔️ 30.4% · 🌾 69.6%
Tarkan ×35 · Knight ×2
Feudal
10:37
Castle
22:54
Imperial
—
| APM avg | 43.3 |
| APM peak | 75 |
| eAPM avg | 23.3 |
| Villagers / military | 61 / 42 |
Focus
⚔️ 40.1% · 🌾 59.9%
Skirmisher ×32 · Militia ×5 · Konnik ×4 · Spearman ×1
Feudal
9:28
Castle
13:18
Imperial
—
| APM avg | 67.9 |
| APM peak | 117 |
| eAPM avg | 25.0 |
| Villagers / military | 89 / 62 |
Focus
⚔️ 20.0% · 🌾 80.0%
Archer ×60 · Mameluke ×2
Feudal
10:05
Castle
24:11
Imperial
—
| APM avg | 13.2 |
| APM peak | 29 |
| eAPM avg | 9.5 |
| Villagers / military | 51 / 28 |
Focus
⚔️ 35.3% · 🌾 64.7%
Serjeant ×18 · Spearman ×10
Match map
Initial resources + every placement click. Lines = walls · curves = elevation contours. ◆ gold · ⬟ stone · ● berries · ✦ relic · ◌ wall gap
Your base· ✓ Closed at 14:27 · 0t walls · 3 gate(s)
pengel_tz's base· ✓ Closed at 14:33 · 0t walls · 2 gate(s)
LDX.Heisi's base· ✓ Closed at 14:03 · 0t walls · 3 gate(s)
vper1490's base· ✓ Closed at 15:20 · 0t walls · 2 gate(s)
SylvanXu's base· ✓ Closed at 15:35 · 0t walls · 2 gate(s)
HEADUP's base· ✓ Closed at 22:54 · 6t walls · 2 gate(s)
小小懦夫's base· ✓ Closed at 13:18 · 4t walls · 3 gate(s)
ql7mt's base· ✓ Closed at 24:11 · 0t walls · 2 gate(s)
Smoothed initial terrain · ◌ = detected wall gap · hover for details
Inputs per minute
— 会发育 - - pengel_tz
Build order — 会发育
First 150 of 238 actions detected
| 0:03 | Queue | Villager (Male) |
| 0:03 | Queue | Villager (Male) |
| 0:04 | Queue | Villager (Male) |
| 0:05 | Build | House |
| 0:07 | Build | House |
| 0:39 | Queue | Villager (Male) |
| 1:29 | Queue | Villager (Male) |
| 1:47 | Build | Lumber Camp |
| 2:00 | Queue | Villager (Male) |
| 2:37 | Queue | Villager (Male) |
| 2:56 | Queue | Villager (Male) |
| 3:33 | Queue | Villager (Male) |
| 3:33 | Queue | Villager (Male) |
| 3:43 | Build | House |
| 3:49 | Build | House |
| 4:00 | Queue | Villager (Male) |
| 4:00 | Queue | Villager (Male) |
| 4:02 | Build | Mill |
| 4:37 | Queue | Villager (Male) |
| 5:02 | Queue | Villager (Male) |
| 5:03 | Queue | Villager (Male) |
| 5:30 | Build | House |
| 5:49 | Queue | Villager (Male) |
| 5:49 | Queue | Villager (Male) |
| 5:49 | Queue | Villager (Male) |
| 6:15 | Queue | Villager (Male) |
| 6:15 | Queue | Villager (Male) |
| 6:26 | Queue | Villager (Male) |
| 6:26 | Queue | Villager (Male) |
| 7:26 | Build | Farm |
| 7:47 | Build | Farm |
| 8:28 | Research | Feudal Age |
| 8:31 | Build | Mining Camp |
| 9:13 | Build | House |
| 10:34 | Queue | Villager (Male) |
| 10:34 | Queue | Villager (Male) |
| 10:45 | Age | Feudal Age |
| 10:47 | Build | Blacksmith |
| 10:59 | Build | Market |
| 11:47 | Research | Castle Age |
| 11:47 | Research | Castle Age |
| 12:34 | Research | Double-Bit Axe |
| 13:08 | Queue | Villager (Male) |
| 13:08 | Queue | Villager (Male) |
| 14:27 | Age | Castle Age |
| 14:29 | Build | Town Center |
| 14:37 | Build | Town Center |
| 14:57 | Build | Farm |
| 15:13 | Build | Siege Workshop |
| 15:17 | Queue | Villager (Male) |
| 15:17 | Queue | Villager (Male) |
| 15:20 | Build | Farm |
| 15:43 | Queue | Villager (Male) |
| 15:46 | Queue | Villager (Male) |
| 15:49 | Build | Farm |
| 15:50 | Build | Farm |
| 16:02 | Queue | Villager (Male) |
| 16:03 | Queue | Villager (Male) |
| 16:03 | Queue | Villager (Male) |
| 16:09 | Build | Farm |
| 16:17 | Build | House |
| 16:18 | Build | House |
| 16:20 | Queue | Villager (Male) |
| 16:24 | Build | Farm |
| 16:24 | Build | Farm |
| 16:24 | Build | Farm |
| 16:25 | Build | Farm |
| 16:25 | Build | Farm |
| 16:33 | Build | Farm |
| 16:36 | Build | Farm |
| 16:36 | Build | Farm |
| 16:37 | Build | Farm |
| 16:37 | Build | Farm |
| 16:38 | Build | Farm |
| 16:40 | Queue | Villager (Male) |
| 16:41 | Build | Farm |
| 16:53 | Build | House |
| 17:04 | Build | Farm |
| 17:13 | Queue | Villager (Male) |
| 17:20 | Queue | Villager (Male) |
| 17:34 | Queue | Villager (Male) |
| 17:35 | Queue | Villager (Male) |
| 17:35 | Queue | Villager (Male) |
| 17:40 | Build | Farm |
| 17:43 | Build | Farm |
| 17:48 | Build | House |
| 18:00 | Queue | Villager (Male) |
| 18:01 | Queue | Villager (Male) |
| 18:08 | Build | Palisade Wall |
| 18:16 | Queue | Villager (Male) |
| 18:25 | Build | Stone Wall |
| 18:29 | Queue | Villager (Male) |
| 18:36 | Build | Gate |
| 18:39 | Queue | Villager (Male) ×3 |
| 18:47 | Build | Palisade Wall |
| 18:51 | Build | Palisade Wall |
| 18:56 | Build | Stone Wall |
| 19:02 | Queue | Villager (Male) ×2 |
| 19:18 | Queue | Villager (Male) ×2 |
| 19:24 | Build | Palisade Gate |
| 19:32 | Build | Palisade Gate |
| 19:35 | Queue | Villager (Male) ×2 |
| 19:35 | Queue | Villager (Male) ×3 |
| 19:47 | Queue | Villager (Male) |
| 20:08 | Queue | Villager (Male) ×3 |
| 20:08 | Queue | Villager (Male) ×3 |
| 20:17 | Build | Stone Wall |
| 20:34 | Build | House |
| 20:36 | Build | House |
| 20:38 | Queue | Villager (Male) ×3 |
| 20:43 | Build | Town Center |
| 20:45 | Queue | Villager (Male) ×2 |
| 20:48 | Build | Stone Wall |
| 20:56 | Build | Stone Wall |
| 21:08 | Build | House |
| 21:18 | Build | Gate |
| 21:22 | Build | Stone Wall |
| 21:30 | Research | Horse Collar |
| 21:36 | Queue | Villager (Male) ×4 |
| 21:41 | Build | Farm |
| 21:41 | Build | Farm |
| 21:41 | Build | Farm |
| 21:41 | Build | Farm |
| 21:43 | Build | Farm |
| 21:44 | Build | Farm |
| 21:47 | Build | Farm |
| 21:55 | Build | Stone Wall |
| 22:02 | Queue | Villager (Male) ×3 |
| 22:07 | Queue | Villager (Male) |
| 22:11 | Build | Farm |
| 22:14 | Build | Town Center |
| 22:30 | Research | Stone Mining |
| 22:37 | Build | Farm |
| 22:37 | Build | Farm |
| 22:37 | Build | Farm |
| 22:42 | Build | Mill |
| 22:51 | Build | Siege Workshop |
| 22:53 | Queue | Villager (Male) ×3 |
| 23:00 | Build | Farm |
| 23:01 | Build | Farm |
| 23:01 | Build | Farm |
| 23:03 | Queue | Villager (Male) ×2 |
| 23:11 | Queue | Villager (Male) |
| 23:18 | Build | Gate |
| 23:30 | Queue | Villager (Male) ×3 |
| 23:32 | Queue | Mangonel |
| 23:55 | Queue | Villager (Male) ×5 |
| 24:00 | Build | Stone Wall |
| 24:14 | Queue | Villager (Male) ×4 |
| 24:17 | Build | Farm |
Build order — pengel_tz
First 150 of 267 actions detected
| 0:02 | Queue | Villager (Male) |
| 0:02 | Queue | Villager (Male) |
| 0:03 | Queue | Villager (Male) |
| 0:03 | Queue | Villager (Male) |
| 0:03 | Queue | Villager (Male) |
| 0:06 | Build | House |
| 0:07 | Build | House |
| 0:14 | Research | Loom |
| 0:14 | Queue | Villager (Male) |
| 0:14 | Queue | Villager (Male) |
| 1:04 | Build | Mill |
| 1:29 | Queue | Villager (Male) |
| 2:06 | Queue | Villager (Male) |
| 2:31 | Queue | Villager (Male) |
| 2:51 | Queue | Villager (Male) |
| 3:00 | Queue | Villager (Male) |
| 3:24 | Queue | Villager (Male) |
| 3:27 | Build | House |
| 4:05 | Queue | Villager (Male) |
| 4:05 | Queue | Villager (Male) |
| 4:16 | Build | Lumber Camp |
| 4:22 | Queue | Villager (Male) |
| 4:50 | Queue | Villager (Male) |
| 5:45 | Queue | Villager (Male) |
| 5:45 | Queue | Villager (Male) |
| 6:00 | Queue | Villager (Male) |
| 6:01 | Queue | Villager (Male) |
| 6:06 | Build | House |
| 6:57 | Queue | Villager (Male) |
| 6:58 | Queue | Villager (Male) |
| 7:42 | Queue | Villager (Male) |
| 8:31 | Build | Mining Camp |
| 8:50 | Research | Feudal Age |
| 9:31 | Queue | Villager (Male) |
| 9:31 | Queue | Villager (Male) |
| 10:00 | Build | House |
| 11:00 | Age | Feudal Age |
| 11:03 | Build | Blacksmith |
| 11:06 | Build | Market |
| 11:22 | Build | Farm |
| 11:23 | Build | Farm |
| 11:24 | Build | Farm |
| 11:26 | Build | Farm |
| 11:29 | Build | Farm |
| 11:48 | Build | Farm |
| 11:53 | Research | Castle Age |
| 12:06 | Research | Double-Bit Axe |
| 13:24 | Queue | Villager (Male) |
| 13:25 | Queue | Villager (Male) |
| 14:33 | Age | Castle Age |
| 14:37 | Build | Town Center |
| 15:00 | Build | Town Center |
| 15:04 | Queue | Villager (Male) |
| 15:06 | Research | Bow Saw |
| 15:27 | Queue | Villager (Male) |
| 15:36 | Build | House |
| 15:49 | Queue | Villager (Male) |
| 15:49 | Queue | Villager (Male) |
| 16:08 | Queue | Villager (Male) |
| 16:24 | Queue | Villager (Male) |
| 16:24 | Queue | Villager (Male) |
| 16:25 | Build | House |
| 16:32 | Research | Fletching |
| 16:48 | Build | Farm |
| 16:49 | Build | Farm |
| 16:53 | Build | Farm |
| 16:54 | Build | Farm |
| 16:57 | Queue | Villager (Male) |
| 16:57 | Queue | Villager (Male) |
| 17:03 | Queue | Villager (Male) |
| 17:03 | Queue | Villager (Male) |
| 17:07 | Build | House |
| 17:08 | Build | House |
| 17:12 | Queue | Villager (Male) |
| 17:12 | Queue | Villager (Male) |
| 17:23 | Build | Farm |
| 17:40 | Queue | Villager (Male) |
| 17:40 | Queue | Villager (Male) |
| 17:46 | Build | Farm |
| 17:51 | Queue | Villager (Male) |
| 17:51 | Queue | Villager (Male) |
| 17:54 | Build | Farm |
| 18:07 | Queue | Villager (Male) |
| 18:07 | Queue | Villager (Male) |
| 18:11 | Build | Farm |
| 18:17 | Build | Farm |
| 18:18 | Queue | Villager (Male) |
| 18:19 | Queue | Villager (Male) |
| 18:23 | Build | House |
| 18:30 | Queue | Villager (Male) |
| 18:30 | Queue | Villager (Male) |
| 18:34 | Build | Farm |
| 18:43 | Queue | Villager (Male) |
| 18:43 | Queue | Villager (Male) |
| 18:48 | Queue | Villager (Male) |
| 18:48 | Queue | Villager (Male) |
| 18:51 | Build | Farm |
| 19:00 | Build | Farm |
| 19:05 | Queue | Villager (Male) |
| 19:05 | Queue | Villager (Male) |
| 19:10 | Build | Farm |
| 19:11 | Queue | Villager (Male) |
| 19:11 | Queue | Villager (Male) |
| 19:13 | Build | Farm |
| 19:14 | Queue | Villager (Male) |
| 19:26 | Queue | Villager (Male) |
| 19:26 | Queue | Villager (Male) |
| 19:30 | Build | House |
| 19:31 | Build | House |
| 19:35 | Queue | Villager (Male) |
| 19:35 | Queue | Villager (Male) |
| 19:35 | Queue | Villager (Male) |
| 19:41 | Build | Farm |
| 19:43 | Queue | Villager (Male) |
| 19:43 | Queue | Villager (Male) |
| 20:03 | Build | Castle |
| 20:06 | Queue | Villager (Male) |
| 20:06 | Queue | Villager (Male) |
| 20:13 | Queue | Villager (Male) |
| 20:13 | Queue | Villager (Male) |
| 20:16 | Queue | Villager (Male) |
| 20:18 | Build | House |
| 20:32 | Queue | Villager (Male) |
| 20:32 | Queue | Villager (Male) |
| 20:41 | Queue | Villager (Male) |
| 20:41 | Queue | Villager (Male) |
| 20:47 | Build | University |
| 20:53 | Queue | Villager (Male) |
| 20:53 | Queue | Villager (Male) |
| 20:54 | Queue | Villager (Male) |
| 20:54 | Queue | Villager (Male) |
| 21:00 | Build | House |
| 21:07 | Queue | Villager (Male) |
| 21:12 | Queue | Villager (Male) |
| 21:20 | Queue | Villager (Male) |
| 21:23 | Build | Farm |
| 21:32 | Build | Farm |
| 21:32 | Build | Farm |
| 21:34 | Queue | Villager (Male) |
| 21:39 | Build | University |
| 21:41 | Queue | Villager (Male) |
| 21:41 | Queue | Villager (Male) |
| 21:49 | Build | Farm |
| 21:52 | Queue | Villager (Male) |
| 21:52 | Queue | Villager (Male) |
| 22:00 | Queue | Villager (Male) |
| 22:00 | Queue | Villager (Male) |
| 22:07 | Queue | Villager (Male) |
| 22:07 | Queue | Villager (Male) |
| 22:17 | Queue | Villager (Male) |
Build order — LDX.Heisi
First 150 of 237 actions detected
| 0:03 | Build | House |
| 0:04 | Build | House |
| 0:05 | Queue | Villager (Male) |
| 0:05 | Queue | Villager (Male) |
| 0:45 | Queue | Villager (Male) |
| 0:45 | Queue | Villager (Male) |
| 1:48 | Build | Lumber Camp |
| 1:50 | Queue | Villager (Male) |
| 2:11 | Queue | Villager (Male) |
| 2:34 | Queue | Villager (Male) |
| 2:48 | Queue | Villager (Male) |
| 3:24 | Queue | Villager (Male) |
| 3:24 | Queue | Villager (Male) |
| 3:58 | Build | House |
| 4:20 | Queue | Villager (Male) |
| 4:20 | Queue | Villager (Male) |
| 4:21 | Queue | Villager (Male) |
| 4:22 | Queue | Villager (Male) |
| 4:23 | Queue | Villager (Male) |
| 5:12 | Build | Mill |
| 5:14 | Build | House |
| 5:34 | Queue | Villager (Male) |
| 6:00 | Queue | Villager (Male) |
| 6:17 | Queue | Villager (Male) |
| 6:17 | Queue | Villager (Male) |
| 6:54 | Queue | Villager (Male) |
| 7:28 | Queue | Villager (Male) |
| 8:13 | Research | Feudal Age |
| 8:35 | Queue | Villager (Male) |
| 8:35 | Queue | Villager (Male) |
| 9:17 | Build | Barracks |
| 10:13 | Build | Mining Camp |
| 10:23 | Age | Feudal Age |
| 10:26 | Build | Archery Range |
| 10:41 | Build | Farm |
| 10:43 | Build | Farm |
| 10:43 | Queue | Villager (Male) |
| 10:57 | Build | Blacksmith |
| 11:14 | Build | Farm |
| 11:17 | Queue | Villager (Male) |
| 11:23 | Research | Castle Age |
| 11:37 | Build | House |
| 11:47 | Build | Mining Camp |
| 12:20 | Research | Double-Bit Axe |
| 12:30 | Build | House |
| 12:51 | Research | Fletching |
| 12:51 | Research | Fletching |
| 13:20 | Queue | Archer |
| 13:30 | Build | Archery Range |
| 13:39 | Research | Gold Mining |
| 13:45 | Queue | Villager (Male) |
| 13:45 | Queue | Villager (Male) |
| 13:54 | Queue | Archer |
| 14:02 | Age | Castle Age |
| 14:03 | Research | Bodkin Arrow |
| 14:03 | Research | Bodkin Arrow |
| 14:25 | Queue | Archer |
| 14:26 | Queue | Archer |
| 14:52 | Build | Siege Workshop |
| 15:19 | Research | Crossbowman (upgrade) |
| 15:34 | Build | Farm |
| 15:36 | Research | Loom |
| 15:41 | Build | Farm |
| 15:42 | Queue | Villager (Male) |
| 15:46 | Build | Farm |
| 15:50 | Build | Farm |
| 15:58 | Queue | Archer |
| 16:14 | Queue | Villager (Male) |
| 16:27 | Build | House |
| 16:27 | Build | House |
| 16:52 | Queue | Villager (Male) |
| 16:53 | Build | Farm |
| 17:09 | Queue | Mangonel |
| 17:14 | Research | Town Watch |
| 17:43 | Build | House |
| 17:45 | Queue | Villager (Male) |
| 17:45 | Queue | Villager (Male) |
| 17:52 | Build | Farm |
| 18:03 | Queue | Archer |
| 18:03 | Queue | Archer |
| 18:03 | Queue | Archer |
| 18:59 | Queue | Villager (Male) |
| 18:59 | Queue | Villager (Male) |
| 18:59 | Queue | Villager (Male) |
| 19:04 | Build | Town Center |
| 19:28 | Build | House |
| 19:28 | Build | House |
| 19:36 | Build | Farm |
| 20:01 | Queue | Mangonel |
| 20:13 | Build | Farm |
| 20:23 | Build | Farm |
| 20:24 | Queue | Villager (Male) |
| 20:25 | Queue | Villager (Male) |
| 20:53 | Queue | Villager (Male) |
| 20:53 | Queue | Villager (Male) |
| 20:53 | Queue | Villager (Male) |
| 20:54 | Queue | Villager (Male) |
| 20:54 | Queue | Villager (Male) |
| 20:56 | Build | Farm |
| 21:09 | Build | House |
| 21:44 | Build | Farm |
| 21:46 | Queue | Villager (Male) |
| 21:46 | Queue | Villager (Male) |
| 21:47 | Build | Farm |
| 21:50 | Build | Farm |
| 22:22 | Build | House |
| 22:23 | Build | House |
| 22:23 | Build | House |
| 22:25 | Queue | Villager (Male) |
| 22:25 | Queue | Villager (Male) |
| 22:25 | Queue | Villager (Male) |
| 22:44 | Research | Wheelbarrow |
| 22:53 | Build | Farm |
| 23:35 | Queue | Archer |
| 23:35 | Queue | Archer |
| 23:35 | Queue | Archer |
| 23:35 | Queue | Archer |
| 23:36 | Queue | Archer |
| 23:36 | Queue | Archer |
| 23:44 | Queue | Archer |
| 23:44 | Queue | Archer |
| 24:20 | Queue | Villager (Male) |
| 24:20 | Queue | Villager (Male) |
| 24:21 | Queue | Villager (Male) |
| 24:21 | Queue | Villager (Male) |
| 24:26 | Queue | Villager (Male) |
| 24:28 | Queue | Villager (Male) |
| 24:28 | Queue | Villager (Male) |
| 24:42 | Build | Town Center |
| 25:08 | Queue | Villager (Male) |
| 25:41 | Build | House |
| 25:52 | Queue | Villager (Male) |
| 25:52 | Queue | Villager (Male) |
| 25:54 | Queue | Villager (Male) |
| 25:54 | Queue | Villager (Male) |
| 25:59 | Build | House |
| 26:00 | Build | House |
| 26:12 | Queue | Archer |
| 26:12 | Queue | Archer |
| 26:13 | Queue | Archer |
| 26:14 | Queue | Archer |
| 26:15 | Research | Gold Mining |
| 26:31 | Queue | Villager (Male) |
| 26:32 | Queue | Villager (Male) |
| 26:32 | Queue | Villager (Male) |
| 26:32 | Queue | Villager (Male) |
| 27:05 | Research | Hand Cart |
| 27:06 | Queue | Villager (Male) |
| 27:10 | Build | Farm |
| 27:10 | Build | Farm |
Build order — vper1490
95 actions detected in the replay
| 0:05 | Build | House |
| 0:07 | Build | House |
| 0:08 | Queue | Villager (Male) |
| 0:08 | Queue | Villager (Male) |
| 0:08 | Queue | Villager (Male) |
| 0:09 | Queue | Villager (Male) |
| 0:09 | Queue | Villager (Male) |
| 1:30 | Queue | Villager (Male) |
| 1:58 | Build | Lumber Camp |
| 1:59 | Queue | Villager (Male) |
| 2:44 | Queue | Villager (Male) |
| 2:45 | Queue | Villager (Male) |
| 2:54 | Research | Loom |
| 3:16 | Queue | Villager (Male) |
| 3:41 | Queue | Villager (Male) |
| 3:59 | Queue | Villager (Male) |
| 4:04 | Build | Mill |
| 4:17 | Build | House |
| 4:23 | Build | House |
| 4:34 | Queue | Villager (Male) |
| 4:34 | Queue | Villager (Male) |
| 4:35 | Queue | Villager (Male) |
| 4:48 | Build | House |
| 5:03 | Queue | Villager (Male) |
| 5:19 | Build | House |
| 6:15 | Queue | Villager (Male) |
| 6:49 | Queue | Villager (Male) |
| 6:49 | Queue | Villager (Male) |
| 6:52 | Queue | Villager (Male) |
| 7:50 | Queue | Villager (Male) |
| 8:11 | Research | Feudal Age |
| 9:38 | Build | Barracks |
| 10:28 | Age | Feudal Age |
| 10:51 | Build | Blacksmith |
| 10:58 | Build | Market |
| 11:24 | Research | Double-Bit Axe |
| 12:13 | Queue | Villager (Male) |
| 12:46 | Build | Stable |
| 12:54 | Research | Castle Age |
| 13:29 | Build | Mining Camp |
| 13:35 | Build | Mining Camp |
| 13:48 | Build | House |
| 14:12 | Build | Farm |
| 14:13 | Build | Farm |
| 14:19 | Build | Farm |
| 14:47 | Build | Farm |
| 15:03 | Build | Farm |
| 15:14 | Build | House |
| 15:20 | Age | Castle Age |
| 15:20 | Queue | Villager (Male) |
| 15:25 | Build | Farm |
| 15:27 | Queue | Knight ×3 |
| 15:48 | Build | House |
| 15:54 | Research | Gold Mining |
| 16:19 | Queue | Knight |
| 16:19 | Queue | Knight |
| 16:40 | Queue | Villager (Male) |
| 16:50 | Build | Town Center |
| 17:14 | Build | Farm |
| 17:16 | Queue | Knight |
| 17:17 | Queue | Knight |
| 17:45 | Queue | Knight |
| 18:15 | Build | Farm |
| 18:17 | Build | Farm |
| 18:20 | Build | Farm |
| 19:09 | Queue | Knight ×3 |
| 19:17 | Build | Stable |
| 19:30 | Queue | Knight |
| 19:30 | Queue | Knight |
| 19:32 | Queue | Villager (Male) |
| 19:38 | Build | Farm |
| 20:11 | Queue | Villager (Male) ×2 |
| 20:12 | Queue | Villager (Male) ×2 |
| 21:02 | Queue | Knight ×3 |
| 21:39 | Build | Farm |
| 22:17 | Research | Scale Barding Armor |
| 22:24 | Research | Bloodlines |
| 22:48 | Queue | Villager (Male) ×2 |
| 22:48 | Queue | Villager (Male) ×2 |
| 23:18 | Build | Outpost |
| 23:19 | Queue | Villager (Male) ×3 |
| 23:19 | Queue | Villager (Male) ×3 |
| 23:27 | Build | Farm |
| 23:27 | Build | Farm |
| 23:27 | Build | Farm |
| 23:27 | Build | Farm |
| 23:28 | Build | Farm |
| 23:35 | Build | Mining Camp |
| 24:55 | Build | Farm |
| 24:55 | Build | Farm |
| 26:35 | Research | Chain Barding Armor |
| 26:59 | Build | Watch Tower |
| 27:39 | Queue | Villager (Male) ×5 |
| 28:26 | Research | Wheelbarrow |
| 29:18 | Build | Town Center |
Build order — SylvanXu
First 150 of 151 actions detected
| 0:00 | Queue | Villager (Male) |
| 0:00 | Queue | Villager (Male) |
| 0:01 | Queue | Villager (Male) |
| 0:01 | Queue | Villager (Male) |
| 1:24 | Queue | Villager (Male) |
| 1:45 | Queue | Villager (Male) |
| 1:46 | Queue | Villager (Male) |
| 1:55 | Build | Lumber Camp |
| 2:24 | Queue | Villager (Male) |
| 3:03 | Research | Loom |
| 3:07 | Queue | Villager (Male) |
| 3:08 | Queue | Villager (Male) |
| 3:08 | Queue | Villager (Male) |
| 4:11 | Build | Mill |
| 4:17 | Queue | Villager (Male) |
| 4:43 | Queue | Villager (Male) |
| 4:43 | Queue | Villager (Male) |
| 5:13 | Queue | Villager (Male) |
| 5:14 | Queue | Villager (Male) |
| 5:52 | Queue | Villager (Male) |
| 6:17 | Queue | Villager (Male) |
| 6:31 | Queue | Villager (Male) |
| 7:29 | Build | Mining Camp |
| 7:42 | Build | Mining Camp |
| 7:50 | Research | Feudal Age |
| 8:25 | Queue | Villager (Male) |
| 8:25 | Queue | Villager (Male) |
| 8:27 | Research | Loom |
| 10:00 | Age | Feudal Age |
| 10:03 | Build | Market |
| 10:12 | Build | Blacksmith |
| 10:51 | Build | Farm |
| 10:56 | Build | Farm |
| 11:34 | Queue | Villager (Male) |
| 11:42 | Build | Farm |
| 12:05 | Build | Farm |
| 12:55 | Research | Castle Age |
| 13:31 | Research | Double-Bit Axe |
| 13:46 | Build | Barracks |
| 14:19 | Build | Farm |
| 14:35 | Queue | Villager (Male) |
| 14:56 | Research | Stone Mining |
| 15:16 | Build | Farm |
| 15:20 | Queue | Villager (Male) |
| 15:35 | Age | Castle Age |
| 15:52 | Build | Castle |
| 16:06 | Queue | Villager (Male) |
| 16:12 | Queue | Villager (Male) |
| 16:26 | Build | Town Center |
| 16:44 | Queue | Villager (Male) |
| 16:57 | Build | Farm |
| 17:11 | Queue | Tarkan |
| 17:11 | Queue | Tarkan |
| 17:12 | Queue | Tarkan |
| 17:19 | Research | Scale Barding Armor |
| 17:44 | Queue | Villager (Male) |
| 17:57 | Build | Farm |
| 18:11 | Queue | Tarkan |
| 18:24 | Build | Stable |
| 18:27 | Queue | Tarkan |
| 18:34 | Build | Farm |
| 18:55 | Queue | Tarkan |
| 18:57 | Queue | Tarkan |
| 19:04 | Build | Farm |
| 19:17 | Build | Farm |
| 19:25 | Build | Farm |
| 19:32 | Queue | Tarkan |
| 19:50 | Build | Farm |
| 19:51 | Queue | Villager (Male) |
| 19:52 | Queue | Villager (Male) |
| 20:04 | Queue | Tarkan |
| 20:10 | Build | Farm |
| 20:25 | Build | Farm |
| 20:26 | Queue | Villager (Male) |
| 20:27 | Queue | Villager (Male) |
| 20:29 | Queue | Tarkan |
| 20:54 | Build | Farm |
| 21:19 | Build | Farm |
| 21:21 | Queue | Tarkan |
| 21:33 | Queue | Tarkan |
| 21:44 | Research | Bloodlines |
| 21:57 | Queue | Tarkan |
| 22:09 | Queue | Villager (Male) |
| 22:22 | Queue | Tarkan |
| 22:22 | Queue | Tarkan |
| 22:31 | Build | Farm |
| 22:36 | Build | Farm |
| 22:37 | Queue | Villager (Male) |
| 22:37 | Queue | Villager (Male) |
| 23:14 | Research | Husbandry |
| 23:15 | Research | Husbandry |
| 23:21 | Queue | Villager (Male) |
| 23:26 | Build | Farm |
| 23:30 | Build | Farm |
| 23:35 | Queue | Villager (Male) |
| 23:45 | Research | Forging |
| 24:06 | Queue | Villager (Male) |
| 24:06 | Queue | Villager (Male) |
| 24:27 | Queue | Tarkan |
| 24:37 | Build | Barracks |
| 24:49 | Build | Stone Wall |
| 25:31 | Build | Barracks |
| 25:40 | Build | Mill |
| 25:45 | Build | Stone Wall |
| 26:19 | Queue | Tarkan |
| 26:19 | Queue | Tarkan |
| 26:20 | Queue | Tarkan |
| 26:23 | Build | Farm |
| 27:22 | Queue | Tarkan |
| 27:22 | Queue | Tarkan |
| 27:23 | Queue | Tarkan |
| 27:25 | Build | Farm |
| 27:26 | Build | Farm |
| 27:26 | Build | Farm |
| 27:42 | Queue | Knight |
| 27:42 | Queue | Knight |
| 28:29 | Queue | Villager (Male) |
| 28:29 | Queue | Villager (Male) |
| 29:31 | Build | Farm |
| 29:34 | Build | Farm |
| 29:34 | Build | Farm |
| 29:42 | Build | Farm |
| 29:42 | Build | Farm |
| 29:43 | Build | Farm |
| 29:44 | Queue | Villager (Male) |
| 29:45 | Queue | Villager (Male) |
| 29:45 | Queue | Villager (Male) |
| 29:46 | Queue | Tarkan |
| 29:47 | Queue | Tarkan |
| 29:47 | Queue | Tarkan |
| 29:47 | Queue | Tarkan |
| 30:24 | Build | Farm |
| 30:26 | Research | Horse Collar |
| 30:27 | Research | Bow Saw |
| 30:31 | Build | Farm |
| 30:36 | Queue | Tarkan |
| 30:36 | Queue | Tarkan |
| 31:38 | Queue | Tarkan |
| 31:39 | Queue | Tarkan |
| 31:39 | Queue | Tarkan |
| 32:10 | Queue | Villager (Male) |
| 32:10 | Queue | Villager (Male) |
| 32:11 | Queue | Villager (Male) |
| 32:11 | Queue | Villager (Male) |
| 32:12 | Queue | Villager (Male) |
| 32:15 | Queue | Tarkan |
| 32:31 | Queue | Villager (Male) |
| 32:31 | Queue | Villager (Male) |
| 33:10 | Queue | Tarkan |
| 33:10 | Queue | Tarkan |
Build order — HEADUP
First 150 of 193 actions detected
| 0:06 | Queue | Villager (Male) |
| 0:06 | Queue | Villager (Male) |
| 0:07 | Queue | Villager (Male) |
| 0:08 | Build | House |
| 0:10 | Build | House |
| 0:24 | Queue | Villager (Male) |
| 0:24 | Queue | Villager (Male) |
| 0:24 | Queue | Villager (Male) |
| 0:25 | Research | Loom |
| 1:18 | Queue | Villager (Male) |
| 1:18 | Queue | Villager (Male) |
| 1:19 | Queue | Villager (Male) |
| 1:49 | Queue | Villager (Male) |
| 1:52 | Build | Lumber Camp |
| 2:21 | Queue | Villager (Male) |
| 2:21 | Queue | Villager (Male) |
| 2:21 | Queue | Villager (Male) |
| 2:39 | Queue | Villager (Male) |
| 2:39 | Queue | Villager (Male) |
| 2:40 | Queue | Villager (Male) |
| 3:06 | Queue | Villager (Male) |
| 3:07 | Queue | Villager (Male) |
| 3:07 | Queue | Villager (Male) |
| 3:35 | Queue | Villager (Male) |
| 3:36 | Queue | Villager (Male) |
| 3:36 | Queue | Villager (Male) |
| 3:54 | Build | House |
| 4:08 | Build | Mill |
| 4:14 | Queue | Villager (Male) |
| 4:14 | Queue | Villager (Male) |
| 4:23 | Build | House |
| 4:32 | Queue | Villager (Male) |
| 4:32 | Queue | Villager (Male) |
| 4:32 | Queue | Villager (Male) |
| 4:47 | Build | House |
| 4:53 | Queue | Villager (Male) |
| 4:53 | Queue | Villager (Male) |
| 4:54 | Queue | Villager (Male) |
| 5:07 | Build | House |
| 5:23 | Queue | Villager (Male) |
| 5:23 | Queue | Villager (Male) |
| 5:23 | Queue | Villager (Male) |
| 6:05 | Queue | Villager (Male) |
| 6:05 | Queue | Villager (Male) |
| 6:57 | Queue | Villager (Male) |
| 7:20 | Queue | Villager (Male) |
| 8:01 | Queue | Villager (Male) |
| 8:27 | Research | Feudal Age |
| 8:28 | Research | Feudal Age |
| 8:28 | Research | Feudal Age |
| 8:36 | Build | Barracks |
| 9:07 | Build | Mining Camp |
| 9:54 | Queue | Militia |
| 9:54 | Queue | Militia |
| 10:06 | Build | House |
| 10:29 | Queue | Militia |
| 10:31 | Queue | Villager (Male) |
| 10:37 | Age | Feudal Age |
| 10:44 | Build | Archery Range |
| 10:47 | Queue | Militia |
| 10:55 | Queue | Villager (Male) |
| 11:02 | Research | Double-Bit Axe |
| 11:02 | Research | Double-Bit Axe |
| 11:16 | Queue | Spearman |
| 11:33 | Queue | Villager (Male) |
| 11:45 | Research | Horse Collar |
| 11:45 | Research | Horse Collar |
| 11:45 | Research | Horse Collar |
| 11:52 | Queue | Skirmisher |
| 11:52 | Queue | Skirmisher |
| 11:55 | Build | House |
| 12:19 | Queue | Skirmisher |
| 12:20 | Queue | Skirmisher |
| 12:22 | Queue | Villager (Male) |
| 12:22 | Queue | Villager (Male) |
| 12:22 | Queue | Villager (Male) |
| 12:26 | Build | Farm |
| 12:28 | Queue | Villager (Male) |
| 12:28 | Queue | Villager (Male) |
| 12:28 | Queue | Villager (Male) |
| 12:33 | Build | House |
| 12:55 | Research | Arson |
| 13:00 | Build | Farm |
| 13:19 | Build | Blacksmith |
| 13:21 | Queue | Villager (Male) |
| 13:21 | Queue | Villager (Male) |
| 13:53 | Queue | Skirmisher |
| 14:16 | Build | Farm |
| 14:16 | Build | Farm |
| 14:17 | Build | Farm |
| 14:17 | Build | Farm |
| 14:17 | Build | Farm |
| 14:17 | Build | Farm |
| 14:17 | Build | Farm |
| 14:18 | Build | Farm |
| 14:18 | Build | Farm |
| 14:54 | Build | Farm |
| 14:54 | Build | Farm |
| 14:54 | Build | Farm |
| 14:54 | Build | Farm |
| 14:55 | Build | Farm |
| 14:55 | Build | Farm |
| 15:22 | Research | Fletching |
| 15:22 | Research | Fletching |
| 15:24 | Queue | Skirmisher |
| 15:24 | Queue | Skirmisher |
| 15:27 | Queue | Villager (Male) |
| 15:35 | Build | Farm |
| 15:35 | Build | Farm |
| 15:36 | Build | Farm |
| 15:36 | Build | Farm |
| 15:37 | Build | Farm |
| 16:01 | Build | Farm |
| 16:25 | Queue | Villager (Male) |
| 16:25 | Queue | Villager (Male) |
| 16:32 | Research | Padded Archer Armor |
| 16:33 | Research | Padded Archer Armor |
| 17:05 | Queue | Villager (Male) |
| 17:05 | Queue | Villager (Male) |
| 17:14 | Build | Farm |
| 17:15 | Build | Farm |
| 17:15 | Build | Farm |
| 17:15 | Build | Farm |
| 17:16 | Build | Farm |
| 17:16 | Build | Farm |
| 17:46 | Queue | Skirmisher |
| 17:46 | Queue | Skirmisher |
| 17:49 | Queue | Villager (Male) |
| 17:55 | Build | Farm |
| 17:56 | Build | Farm |
| 17:57 | Build | Farm |
| 18:18 | Build | Farm |
| 18:29 | Build | Market |
| 18:32 | Queue | Villager (Male) |
| 18:41 | Queue | Skirmisher |
| 18:50 | Build | House |
| 18:50 | Build | House |
| 18:50 | Build | House |
| 18:50 | Build | House |
| 19:36 | Queue | Skirmisher |
| 19:36 | Queue | Skirmisher |
| 19:39 | Build | House |
| 19:58 | Build | Stone Wall |
| 20:14 | Research | Castle Age |
| 20:15 | Research | Castle Age |
| 20:18 | Build | Mining Camp |
| 20:30 | Queue | Skirmisher |
| 20:30 | Queue | Skirmisher |
| 20:31 | Queue | Skirmisher |
| 20:45 | Build | House |
Build order — 小小懦夫
First 150 of 249 actions detected
| 0:01 | Queue | Villager (Male) |
| 0:01 | Queue | Villager (Male) |
| 0:01 | Queue | Villager (Male) |
| 0:01 | Queue | Villager (Male) |
| 0:03 | Build | House |
| 0:05 | Build | House |
| 1:25 | Queue | Villager (Male) |
| 1:25 | Queue | Villager (Male) |
| 1:47 | Build | Lumber Camp |
| 2:03 | Queue | Villager (Male) |
| 2:11 | Build | House |
| 2:23 | Queue | Villager (Male) |
| 2:23 | Queue | Villager (Male) |
| 2:50 | Queue | Villager (Male) |
| 2:50 | Queue | Villager (Male) |
| 2:55 | Build | House |
| 3:17 | Queue | Villager (Male) |
| 3:17 | Queue | Villager (Male) |
| 3:18 | Queue | Villager (Male) |
| 4:04 | Queue | Villager (Male) |
| 4:04 | Queue | Villager (Male) |
| 4:05 | Queue | Villager (Male) |
| 4:23 | Build | Mill |
| 4:31 | Queue | Villager (Male) |
| 4:31 | Queue | Villager (Male) |
| 4:35 | Queue | Villager (Male) |
| 4:36 | Queue | Villager (Male) |
| 5:58 | Queue | Villager (Male) |
| 6:28 | Queue | Villager (Male) |
| 6:44 | Queue | Villager (Male) |
| 6:57 | Build | Mining Camp |
| 7:18 | Research | Feudal Age |
| 8:26 | Queue | Villager (Male) |
| 8:26 | Queue | Villager (Male) |
| 9:28 | Age | Feudal Age |
| 9:29 | Research | Double-Bit Axe |
| 9:29 | Research | Double-Bit Axe |
| 9:33 | Build | Market |
| 9:39 | Build | Blacksmith |
| 10:38 | Research | Castle Age |
| 10:43 | Build | Barracks |
| 11:32 | Build | Palisade Wall |
| 11:43 | Queue | Villager (Male) |
| 12:03 | Build | Palisade Wall |
| 12:12 | Build | Archery Range |
| 12:21 | Research | Fletching |
| 12:21 | Research | Fletching |
| 12:37 | Queue | Villager (Male) |
| 12:46 | Queue | Archer |
| 12:46 | Queue | Archer |
| 12:56 | Build | House |
| 13:18 | Age | Castle Age |
| 13:21 | Build | Palisade Wall |
| 13:25 | Research | Crossbowman (upgrade) |
| 13:57 | Build | Palisade Wall |
| 14:08 | Queue | Archer |
| 14:17 | Queue | Villager (Male) |
| 14:26 | Research | Bodkin Arrow |
| 14:26 | Research | Bodkin Arrow |
| 14:39 | Build | Lumber Camp |
| 14:51 | Queue | Archer |
| 14:54 | Queue | Villager (Male) |
| 14:57 | Build | Archery Range |
| 15:07 | Build | House |
| 15:11 | Queue | Archer |
| 15:32 | Build | Palisade Gate |
| 15:55 | Queue | Villager (Male) |
| 15:57 | Queue | Archer |
| 15:57 | Queue | Archer |
| 15:57 | Queue | Archer |
| 15:58 | Queue | Archer |
| 16:21 | Queue | Archer |
| 16:21 | Queue | Archer |
| 16:29 | Queue | Archer |
| 16:29 | Queue | Archer |
| 16:30 | Queue | Villager (Male) |
| 16:40 | Research | Loom |
| 16:41 | Research | Loom |
| 16:51 | Build | Mining Camp |
| 16:52 | Queue | Archer |
| 16:52 | Queue | Archer |
| 17:06 | Build | Farm |
| 17:21 | Queue | Villager (Male) |
| 17:27 | Queue | Archer |
| 17:27 | Queue | Archer |
| 17:37 | Build | House |
| 17:54 | Build | House |
| 18:04 | Queue | Archer |
| 18:05 | Queue | Archer |
| 18:17 | Queue | Villager (Male) |
| 18:19 | Queue | Archer |
| 18:19 | Queue | Archer |
| 18:37 | Build | Farm |
| 18:41 | Queue | Archer |
| 18:42 | Queue | Archer |
| 19:11 | Queue | Villager (Male) |
| 19:13 | Build | Farm |
| 19:24 | Queue | Archer |
| 19:25 | Queue | Archer |
| 19:39 | Build | Farm |
| 19:43 | Queue | Villager (Male) |
| 19:47 | Build | House |
| 19:48 | Build | House |
| 20:25 | Queue | Villager (Male) |
| 20:27 | Build | Farm |
| 20:43 | Queue | Villager (Male) |
| 20:54 | Build | Town Center |
| 21:01 | Queue | Archer |
| 21:01 | Queue | Archer |
| 21:01 | Queue | Archer |
| 21:08 | Build | Palisade Wall |
| 21:11 | Queue | Villager (Male) |
| 21:13 | Queue | Archer |
| 21:13 | Queue | Archer |
| 21:37 | Queue | Archer |
| 21:37 | Queue | Archer |
| 21:53 | Queue | Villager (Male) |
| 22:05 | Queue | Villager (Male) |
| 22:05 | Queue | Villager (Male) |
| 22:11 | Queue | Archer |
| 22:11 | Queue | Archer |
| 22:23 | Queue | Villager (Male) |
| 22:23 | Queue | Villager (Male) |
| 22:36 | Build | Farm |
| 22:41 | Build | Farm |
| 22:43 | Build | Farm |
| 22:52 | Build | Farm |
| 23:02 | Queue | Villager (Male) |
| 23:26 | Build | University |
| 23:27 | Research | Horse Collar |
| 23:27 | Research | Horse Collar |
| 23:33 | Build | House |
| 23:33 | Build | House |
| 24:18 | Queue | Villager (Male) |
| 24:18 | Queue | Villager (Male) |
| 24:18 | Queue | Villager (Male) |
| 24:28 | Build | Farm |
| 24:48 | Build | Farm |
| 24:48 | Build | Farm |
| 24:48 | Build | Farm |
| 24:57 | Queue | Archer |
| 24:57 | Queue | Archer |
| 25:03 | Research | Ballistics |
| 25:03 | Research | Ballistics |
| 25:08 | Research | Wheelbarrow |
| 25:34 | Queue | Villager (Male) |
| 25:34 | Queue | Villager (Male) |
| 25:34 | Queue | Villager (Male) |
| 25:44 | Build | Palisade Wall |
| 25:50 | Queue | Villager (Male) |
Build order — ql7mt
136 actions detected in the replay
| 0:03 | Queue | Villager (Male) ×4 |
| 0:05 | Build | House |
| 0:07 | Build | House |
| 1:35 | Queue | Villager (Male) |
| 1:35 | Queue | Villager (Male) |
| 1:51 | Build | Lumber Camp |
| 2:03 | Queue | Villager (Male) |
| 2:43 | Queue | Villager (Male) |
| 2:43 | Queue | Villager (Male) |
| 3:02 | Queue | Villager (Male) |
| 3:02 | Queue | Villager (Male) |
| 3:31 | Queue | Villager (Male) |
| 4:05 | Queue | Villager (Male) |
| 4:05 | Queue | Villager (Male) |
| 4:28 | Queue | Villager (Male) |
| 4:28 | Queue | Villager (Male) |
| 4:46 | Queue | Villager (Male) |
| 4:46 | Queue | Villager (Male) |
| 4:52 | Build | House |
| 4:55 | Research | Loom |
| 4:56 | Queue | Villager (Male) |
| 5:23 | Build | House |
| 5:33 | Queue | Villager (Male) ×2 |
| 5:33 | Queue | Villager (Male) |
| 6:29 | Queue | Villager (Male) |
| 6:30 | Queue | Villager (Male) |
| 6:40 | Build | Mill |
| 7:30 | Queue | Villager (Male) |
| 7:41 | Build | Mining Camp |
| 7:55 | Research | Feudal Age |
| 9:16 | Build | Donjon |
| 9:41 | Queue | Villager (Male) |
| 9:41 | Queue | Villager (Male) |
| 9:42 | Queue | Villager (Male) |
| 10:05 | Age | Feudal Age |
| 10:12 | Build | Donjon |
| 11:03 | Queue | Serjeant |
| 11:04 | Queue | Serjeant |
| 11:17 | Build | Blacksmith |
| 11:23 | Build | Market |
| 11:32 | Build | House |
| 11:41 | Research | Horse Collar |
| 11:53 | Build | Donjon |
| 11:59 | Queue | Villager (Male) |
| 11:59 | Queue | Villager (Male) |
| 11:59 | Queue | Villager (Male) |
| 12:49 | Build | Mining Camp |
| 12:53 | Queue | Villager (Male) |
| 13:04 | Research | Fletching |
| 13:18 | Queue | Villager (Male) |
| 13:37 | Build | Donjon |
| 13:45 | Build | House |
| 13:53 | Build | House |
| 14:13 | Queue | Villager (Male) |
| 14:56 | Queue | Villager (Male) |
| 15:30 | Build | Donjon |
| 15:32 | Queue | Villager (Male) |
| 15:32 | Queue | Villager (Male) |
| 15:47 | Research | Forging |
| 15:51 | Queue | Serjeant |
| 15:51 | Queue | Serjeant |
| 16:11 | Build | Farm |
| 16:11 | Build | Farm |
| 16:11 | Build | Farm |
| 16:11 | Build | Farm |
| 16:12 | Build | Farm |
| 16:29 | Build | Farm |
| 16:59 | Queue | Serjeant |
| 16:59 | Queue | Serjeant |
| 16:59 | Queue | Serjeant |
| 17:05 | Queue | Villager (Male) |
| 17:05 | Queue | Villager (Male) |
| 17:19 | Build | Farm |
| 17:19 | Build | Farm |
| 17:20 | Build | Farm |
| 17:20 | Build | Farm |
| 17:21 | Build | Farm |
| 17:51 | Queue | Villager (Male) |
| 17:59 | Build | Farm |
| 18:00 | Build | Farm |
| 18:00 | Build | Farm |
| 18:00 | Build | Farm |
| 18:05 | Build | Farm |
| 18:18 | Queue | Villager (Male) |
| 19:03 | Build | Farm |
| 19:04 | Build | Farm |
| 19:04 | Build | Farm |
| 19:04 | Build | Farm |
| 19:06 | Build | Farm |
| 19:08 | Build | Farm |
| 19:10 | Queue | Villager (Male) |
| 19:10 | Queue | Villager (Male) |
| 19:37 | Queue | Serjeant |
| 19:37 | Queue | Serjeant |
| 19:37 | Queue | Serjeant |
| 19:38 | Queue | Serjeant |
| 19:38 | Queue | Serjeant |
| 20:08 | Build | House |
| 20:12 | Build | House |
| 20:50 | Queue | Villager (Male) |
| 21:08 | Build | Donjon |
| 21:15 | Build | House |
| 21:17 | Build | House |
| 21:31 | Research | Castle Age |
| 22:16 | Queue | Serjeant |
| 22:16 | Queue | Serjeant |
| 22:16 | Queue | Serjeant |
| 22:28 | Queue | Serjeant ×2 |
| 22:28 | Queue | Serjeant |
| 23:44 | Queue | Villager (Male) |
| 23:45 | Queue | Villager (Male) |
| 23:49 | Build | Farm |
| 24:11 | Age | Castle Age |
| 24:31 | Build | Stable |
| 24:33 | Build | Stable |
| 24:35 | Build | Stable |
| 24:55 | Queue | Villager (Male) |
| 24:55 | Queue | Villager (Male) |
| 25:07 | Build | Town Center |
| 25:16 | Research | Double-Bit Axe |
| 26:13 | Research | Pikeman (upgrade) |
| 26:36 | Build | Donjon |
| 26:50 | Queue | Spearman |
| 26:50 | Queue | Spearman |
| 26:50 | Queue | Spearman |
| 26:50 | Queue | Spearman |
| 27:38 | Build | Donjon |
| 28:10 | Queue | Villager (Male) |
| 28:10 | Queue | Villager (Male) |
| 28:10 | Queue | Villager (Male) |
| 28:21 | Queue | Spearman |
| 28:21 | Queue | Spearman |
| 28:22 | Queue | Spearman |
| 28:22 | Queue | Spearman |
| 28:22 | Queue | Spearman |
| 28:22 | Queue | Spearman |
Match timeline
| 8:36 | HEADUP · first_building Barracks |
| 9:16 | ql7mt · first_building Donjon |
| 9:17 | LDX.Heisi · first_building Barracks |
| 9:28 | 小小懦夫 · age_up feudal |
| 9:38 | vper1490 · first_building Barracks |
| 10:00 | SylvanXu · age_up feudal |
| 10:05 | ql7mt · age_up feudal |
| 10:23 | LDX.Heisi · age_up feudal |
| 10:26 | LDX.Heisi · first_building Archery Range |
| 10:28 | vper1490 · age_up feudal |
| 10:30 | 小小懦夫 · first_market_sell 100 stone |
| 10:30 | 小小懦夫 · first_market_buy 100 food |
| 10:37 | HEADUP · age_up feudal |
| 10:43 | 小小懦夫 · first_building Barracks |
| 10:44 | HEADUP · first_building Archery Range |
| 10:45 | 会发育 · age_up feudal |
| 11:00 | pengel_tz · age_up feudal |
| 11:32 | 小小懦夫 · wall_segment Palisade Wall x3 |
| 12:03 | 小小懦夫 · wall_segment Palisade Wall x1 |
| 12:12 | 小小懦夫 · first_building Archery Range |
| 12:46 | vper1490 · first_building Stable |
| 12:53 | vper1490 · first_market_sell 100 wood |
| 13:02 | ql7mt · first_market_sell 100 wood |
| 13:18 | 小小懦夫 · age_up castle |
| 13:21 | 小小懦夫 · wall_segment Palisade Wall x1 |
| 13:46 | SylvanXu · first_building Barracks |
| 13:57 | 小小懦夫 · wall_segment Palisade Wall x1 |
| 14:02 | LDX.Heisi · age_up castle |
| 14:27 | 会发育 · age_up castle |
| 14:33 | pengel_tz · age_up castle |
| 14:52 | LDX.Heisi · first_building Siege Workshop |
| 15:13 | 会发育 · first_building Siege Workshop |
| 15:20 | vper1490 · age_up castle |
| 15:35 | SylvanXu · age_up castle |
| 15:52 | SylvanXu · first_building Castle |
| 16:21 | SylvanXu · first_market_buy 100 stone |
| 18:08 | 会发育 · wall_segment Palisade Wall x2 |
| 18:24 | SylvanXu · first_building Stable |
| 18:25 | 会发育 · wall_segment Stone Wall x3 |
| 18:47 | 会发育 · wall_segment Palisade Wall x1 |
| 18:51 | 会发育 · wall_segment Palisade Wall x1 |
| 18:56 | 会发育 · wall_segment Stone Wall x3 |
| 19:58 | HEADUP · wall_segment Stone Wall x6 |
| 20:00 | SylvanXu · first_market_sell 100 stone |
| 20:03 | pengel_tz · first_building Castle |
| 20:17 | 会发育 · wall_segment Stone Wall x2 |
| 20:48 | 会发育 · wall_segment Stone Wall x1 |
| 20:56 | 会发育 · wall_segment Stone Wall x1 |
| 21:08 | 小小懦夫 · wall_segment Palisade Wall x1 |
| 21:21 | ql7mt · first_market_buy 100 food |
| 21:22 | 会发育 · wall_segment Stone Wall x3 |
| 21:55 | 会发育 · wall_segment Stone Wall x2 |
| 22:54 | HEADUP · age_up castle |
| 23:08 | HEADUP · first_building Krepost |
| 24:00 | 会发育 · wall_segment Stone Wall x1 |
| 24:11 | ql7mt · age_up castle |
| 24:31 | ql7mt · first_building Stable |
| 24:37 | pengel_tz · first_building Siege Workshop |
| 24:49 | SylvanXu · wall_segment Stone Wall x18 |
| 25:44 | 小小懦夫 · wall_segment Palisade Wall x1 |
| 25:45 | SylvanXu · wall_segment Stone Wall x4 |
| 25:59 | 会发育 · first_building Castle |
| 26:11 | pengel_tz · first_building Barracks |
| 26:35 | pengel_tz · first_building Stable |
| 26:36 | HEADUP · first_market_sell 100 food |
| 26:40 | HEADUP · first_market_buy 100 wood |
| 28:15 | LDX.Heisi · first_building Castle |
| 28:42 | 小小懦夫 · first_building Castle |
| 29:27 | HEADUP · first_building Castle |
| 30:30 | vper1490 · resign |
| 31:24 | pengel_tz · age_up imperial |
| 31:48 | 会发育 · age_up imperial |
[ AI ANALYSIS · 1 CREDIT ]
What really happened in this match?
Wolo.gg analyzes every decision: build order, eco, micro, common mistakes by bracket. Personalized analysis on WhatsApp or Discord in 30 seconds.
Civ guide
Celts
Perfil
Jugador #17435602